 Dungeon Crawl Stone Soup version 0.23-a0-448-g1c01f63 (webtiles) character file.

76 Cryolive the Digger (level 4, -6/25 HPs)
             Began as a Gargoyle Earth Elementalist on Nov 19, 2018.
             Killed from afar by Ijyb (18 damage)
             ... with a wand of acid (3)
             ... on level 3 of the Dungeon.
             The game lasted 00:05:04 (2593 turns).

Cryolive the Digger (Gargoyle Earth Elementalist)   Turns: 2593, Time: 00:05:04

Health: -6/25      AC:  2    Str: 12    XL:     4   Next: 32%
Magic:  7/7        EV: 12    Int: 16    God:
Gold:   187        SH:  0    Dex: 10    Spells: 3/7 levels left

rFire    . . .     SeeInvis .   l - +0 dagger
rCold    . . .     Gourm    .   (no shield)
rNeg     + . .     Faith    .   c - +0 robe
rPois    ∞         Spirit   .   u - +0 helmet
rElec    +         Reflect  .   (no cloak)
rCorr    .         Harm     .   (no gloves)
MR       .....                  (no boots)
Stlth    ++........             (no amulet)
HPRegen  0.08/turn              (no ring)
MPRegen  0.10/turn              (no ring)

@: corroded
A: negative energy resistance 1, electricity resistance, unbreathing,
petrification resistance, rot immunity, AC +3
a: no special abilities


You were on level 3 of the Dungeon.
You were very hungry.

You visited 1 branch of the dungeon, and saw 3 of its levels.

You collected 187 gold pieces.

Inventory:

Hand Weapons
 l - a +0 dagger (weapon)
 s - a +0 quarterstaff
Missiles
 b - 179 stones (quivered)
Armour
 c - a +0 robe (worn)
 u - a +0 helmet (worn)
Jewellery
 m - an uncursed ring of resist corrosion {unknown}
Scrolls
 f - 2 scrolls of blinking {unknown}
 g - a scroll of immolation {unknown}
 h - a scroll of amnesia {unknown}
 i - a scroll of remove curse {unknown}
 j - 2 scrolls of noise {unknown}
 o - 2 scrolls of identify {unknown}
 p - 2 scrolls of fear {unknown}
 r - a scroll of enchant armour {unknown}
 t - a scroll of random uselessness {unknown}
Potions
 a - 2 potions of berserk rage {unknown}
 e - a potion of brilliance {unknown}
 k - 3 potions of invisibility {unknown}
 n - 3 potions of curing {unknown}
 q - a potion of magic {unknown}
 v - a potion of resistance {unknown}
Comestibles
 d - 5 rations


   Skills:
 + Level 1.3 Fighting
 + Level 0.0 Staves
 + Level 1.3 Armour
 + Level 2.1 Dodging
 + Level 2.9 Stealth
 + Level 2.3 Spellcasting
 + Level 0.6 Conjurations
   Level 0.7 Transmutations
 + Level 4.0 Earth Magic


You had 3 spell levels left.
You knew the following spells:

 Your Spells              Type           Power        Failure   Level  Hunger
a - Sandblast             Erth           ##....       3%          1    #......
b - Stone Arrow           Conj/Erth      #.....       22%         3    ###....

Your spell library contained the following spells:

 Spells                   Type           Power        Failure   Level  Hunger
 Passwall                 Tmut/Erth      #.......     12%         2    ###....
 Petrify                  Tmut/Erth      #.......     58%         4    #####..
 Lee's Rapid Deconstruct  Erth           ##........   71%         5    ######.


Dungeon Overview and Level Annotations

Branches:
Dungeon (3/15)

Altars:

Annotations:
D:3 Ijyb


Innate Abilities, Weirdness & Mutations

You are resistant to torment.
Your stone body is resilient. (AC +3)
You are immune to poison.
You resist negative energy. (rN+)
You are resistant to electric shocks. (rElec)
You can survive without breathing.
You are immune to petrification.
You are immune to rotting.


Message History

The goblin picks up 25 stones.
A goblin comes into view. It is wielding a +0 club.
A goblin and Ijyb come into view.
The goblin shouts! x2
The goblin throws a stone.
The stone closely misses you.
Found 26 gold pieces.
The goblin shouts! x2
You hit the goblin.
You kill the goblin!
Ijyb zaps a wand.
The bolt of acid hits the goblin.
The goblin is splashed with acid.
The goblin dies!
The bolt of acid hits you! The acid corrodes you!
You are splashed with acid!
The acid burns!
The goblin throws a stone.
The stone hits you.
Ijyb zaps a wand.
The bolt of acid hits the goblin.
The goblin is splashed with acid.
The goblin dies!
The bolt of acid hits you!
Ouch! That really hurt!
You die...

#.#.# #†# ###..... #.#.#
#.######### #....... #.#.#####
#.#..$.$..# #.#.####
........####.#8.g...8#####.#.#
..#>###......#..g....#..##.#.#
.............#8gg...8##.##.#.#
..(......#####..)....##.##.#.#
..#.###.## #8.....8#.....#.#
..#.# #.# #..@....#.......#
....###.# #8.....8##.##.###
........# #.......##.##.######
.######.# ####..(............÷...
...............##.##..#.##.######
.######.................##.# ...#
#######..#####.......# ##.# #..#
#.####### #.# #..# #.#


You could see Ijyb and 3 goblins.

Vanquished Creatures
  2 adders (D:2)
  2 dart slugs
  A leopard gecko (D:1)
  3 giant cockroaches (D:1)
  8 goblins
  3 hobgoblins
  4 jackals (D:2)
  A ball python (D:3)
  7 bats
  5 frilled lizards
  7 kobolds
  13 rats
56 creatures vanquished.

Vanquished Creatures (others)
  2 goblins (D:3)
2 creatures vanquished.

Grand Total: 58 creatures vanquished

Notes
Turn   | Place    | Note
-------+----------+-------------------------------------------
     0 | D:1      | Cryolive the Gargoyle Earth Elementalist began the quest
                  | for the Orb.
     0 | D:1      | Reached XP level 1. HP: 10/10 MP: 3/3
   110 | D:1      | Reached XP level 2. HP: 8/16 MP: 5/5
   718 | D:1      | Reached skill level 1 in Armour
   881 | D:1      | Reached XP level 3. HP: 7/20 MP: 0/6
   890 | D:1      | Learned a level 3 spell: Stone Arrow
  1166 | D:1      | Reached skill level 1 in Fighting
  1668 | D:2      | Reached skill level 4 in Earth Magic
  1730 | D:2      | Reached XP level 4. HP: 12/25 MP: 7/7
  2590 | D:3      | Noticed Ijyb
  2593 | D:3      | Killed from afar by Ijyb

Vault maps used:
D:1:      onia_arrival_larder, chequers_serial_rivers_micro_b,
          minmay_misc_feat_columns, minmay_pentomino_u4
D:3:      kennysheep_the_goblin_king, first_ration

Skill      XL: |  1  2  3 |
---------------+----------+-----
Armour         | 1 |  1.3
Fighting       | 1 |  1.3
Dodging        | 2 |  2.1
Earth Magic    | 4 |  4.0
Stealth        | |  2.9
Spellcasting   | |  2.3
Conjurations   | |  0.6
Transmutations | |  0.7

Action                   |  1- 3 |  4- 6 || total
-------------------------+-------+-------++-------
Melee: Unarmed           |   190 |       ||   190
       Dagger            |   107 |    92 ||   199
 Cast: Sandblast         |     5 |       ||     5
 Stab: Sleeping          |     5 |     1 ||     6
       Distracted        |     1 |       ||     1
  Eat: Chunk             |     3 |     2 ||     5
Armor: Robe              |    98 |    26 ||   124
Dodge: Dodged            |   218 |    68 ||   286

Table legend:
 A = Non-vault XP
 B = Vault XP
 C = Vault XP percentage of total XP
 D = Non-vault monster count
 E = Vault monster count
 F = Vault count percentage of total count
                 A         B        C        D         E       F
            +---------+---------+-------+---------+---------+-------
      Total |      89 |      20 |  18.3 |      42 |      14 |  25.0
            +---------+---------+-------+---------+---------+-------
        D:1 |      26 |      18 |  40.9 |      18 |      13 |  41.9
        D:2 |      54 |       0 |   0.0 |      18 |       0 |   0.0
        D:3 |       9 |       2 |  18.2 |       6 |       1 |  14.3
            +---------+---------+-------+---------+---------+-------
